Map: [ESL] Inside and Out

Players

KingCobra

  • Race: Protoss Protoss
  • Spawn Location: 1:00

DnS - Winner!

  • Race: Protoss Protoss
  • Spawn Location: 7:00

Event: DreamHack SC2 Masters 2022 Atlanta (Online)

VOD

Have the link to the VOD?

Description

Time

  • Played on: Sept. 30, 2022, 1:54 p.m.
  • Length: 8:06

All games in this series

Show
View Real Time Build Order
Export as new Build Order

KingCobra Protoss 

Build Orders: Phoenix Opening 

Get SALT Encoding   

  12  0:00  Probe  
  13  0:12  Probe  
  14  0:17  Pylon  
  14  0:24  Probe (Chrono Boost)  
  15  0:36  Gateway  
  15  0:37  Probe (Chrono Boost)  
  16  0:45  Probe (Chrono Boost)  
  16  0:47  Assimilator  
  17  0:51  Probe  
  18  0:57  Pylon  
  18  1:03  Probe (Chrono Boost)  
  19  1:05  Assimilator  
  19  1:13  Probe (Chrono Boost)  
  19  1:18  Probe (Chrono Boost)  
  20  1:23  Cybernetics Core  
  21  1:28  Zealot  
  21  1:32  Probe  
  24  1:38  Pylon  
  24  1:44  Probe  
  25  1:57  Cybernetics Core  
  25  2:01  Stalker  
  27  2:13  Stargate  
  27  2:14  Warp Gate (Chrono Boost)  
  27  2:28  Probe  
  28  2:34  Pylon  
  28  2:39  Stalker  
  30  2:51  Gateway  
  30  2:53  Gateway  
  30  2:59  Phoenix (Chrono Boost)  
  32  3:21  Phoenix (Chrono Boost)  
  32  3:24  Pylon  
  34  3:39  Phoenix  
  36  3:43  Shield Battery  
  36  3:45  Shield Battery  
  36  3:56  Stalker x2  
  36  3:59  Stalker  
  42  4:07  Pylon  
  40  4:20  Phoenix  
  40  4:29  Stalker  
  42  4:41  Adept  
  42  4:42  Adept  
  46  4:52  Stalker  
  48  5:08  Stalker x2  
  48  5:26  Stalker  
  46  5:31  Shield Battery  
  44  5:35  Stalker  
  44  5:36  Stalker  
  42  5:53  Stalker  
  42  5:58  Stalker  
  42  5:59  Stalker  
  46  6:16  Adept  
  46  6:17  Adept  
  50  6:19  Phoenix  
  46  6:40  Stalker x2  
  40  6:55  Stalker  
  40  7:00  Shield Battery  
  40  7:03  Shield Battery  
  40  7:04  Adept x2  
  40  7:26  Stalker x3  
  38  7:50  Stalker x3  
Show
View Real Time Build Order
Export as new Build Order

DnS Protoss - Winner!

Build Orders: Phoenix Opening 

Get SALT Encoding   

  12  0:00  Probe  
  13  0:12  Probe  
  14  0:17  Pylon  
  14  0:24  Probe (Chrono Boost)  
  15  0:36  Probe (Chrono Boost)  
  15  0:38  Gateway  
  16  0:44  Probe (Chrono Boost)  
  16  0:46  Assimilator  
  17  0:50  Probe  
  18  1:03  Probe  
  19  1:15  Probe (Chrono Boost), Pylon  
  19  1:16  Assimilator  
  20  1:25  Probe (Chrono Boost)  
  21  1:26  Cybernetics Core  
  21  1:29  Probe (Chrono Boost)  
  22  1:33  Zealot  
  24  1:41  Probe  
  25  1:53  Probe  
  26  2:05  Probe  
  27  2:08  Stargate  
  27  2:11  Adept  
  29  2:15  Pylon  
  29  2:17  Probe  
  30  2:23  Warp Gate  
  30  2:38  Probe  
  30  2:41  Stalker  
  32  2:53  Phoenix  
  32  2:55  Shield Battery, Probe  
  35  3:13  Nexus  
  35  3:18  Phoenix (Chrono Boost)  
  37  3:22  Stalker  
  37  3:26  Pylon  
  39  3:44  Phoenix (Chrono Boost), Gateway  
  41  3:51  Shield Battery  
  41  4:00  Phoenix (Chrono Boost)  
  43  4:11  Stalker  
  45  4:20  Shield Battery  
  41  4:24  Phoenix  
  41  4:30  Shield Battery  
  41  4:39  Stalker  
  41  4:41  Stalker  
  45  5:06  Stalker  
  46  5:13  Stalker  
  48  5:14  Pylon  
  48  5:16  Pylon  
  48  5:27  Phoenix  
  46  5:28  Pylon  
  46  5:33  Pylon  
  46  5:37  Stalker  
  50  5:58  Void Ray (Chrono Boost)  
  50  5:59  Stalker  
  52  6:07  Zealot  
  52  6:16  Gateway  
  50  6:26  Gateway  
  50  6:30  Cybernetics Core  
  48  6:41  Probe x2  
  46  6:51  Void Ray (Chrono Boost)  
  46  6:53  Probe  
  48  7:06  Stalker  
  50  7:09  Stalker  
  40  7:37  Stalker  
  40  7:38  Stalker  
  40  7:39  Stalker  
  40  7:40  Phoenix  
  40  7:43  Probe x2  
Tags
 
Add a new tag
Caveats
  • Supply blocks, unpowered buildings, or Contaminate may cause inaccurate times.
  • Supply counts are checked every 10 seconds.